 Dungeon Crawl Stone Soup version 0.27.1-2-g3b301248ec (webtiles) character file.

Game seed: 4792569668013249718

5596 Tinkle the Cleaver (level 10, 0/81 HPs)
             Began as a Minotaur Berserker on Sept 23, 2021.
             Was an Elder of Trog.
             Succumbed to Erica's bolt of poison
             ... on level 8 of the Dungeon on Sept 24, 2021.
             The game lasted 00:39:23 (12106 turns).

Tinkle the Cleaver (Minotaur Berserker)            Turns: 12106, Time: 00:39:23

Health: 0/81       AC: 14    Str: 25    XL:     10   Next: 45%
Magic:  9/9        EV:  6    Int:  4    God:    Trog [****..]
Gold:   492        SH: 17    Dex: 10    Spells: 9/9 levels left

rFire    . . .     SeeInvis .   a - +0 broad axe
rCold    . . .     Faith    .   v - +0 kite shield
rNeg     . . .     Spirit   .   r - +0 plate armour
rPois    .         Reflect  +   (helmet restricted)
rElec    .         Harm     .   w - +0 cloak
rCorr    .         Rampage  .   h - +0 pair of gloves
Will     ++...                  D - +0 pair of boots
Stlth    ..........             l - amulet of reflection
HPRegen  1.23/turn              s - +4 ring of slaying
MPRegen  0.11/turn              (no ring)

@: lethally poisoned (0 -> -5), strong-willed (expiring), regenerating
(expiring)
A: horns 2, retaliatory headbutt
a: Renounce Religion, Berserk, Trog's Hand, Brothers in Arms


You were on level 8 of the Dungeon.
You worshipped Trog.
Trog was greatly pleased with you.
You visited 1 branch of the dungeon, and saw 8 of its levels.

You collected 522 gold pieces.
You spent 30 gold pieces at shops.

Inventory:

Hand Weapons
 a - a +0 broad axe (weapon)
Missiles
 d - 5 curare-tipped darts
 e - 30 poisoned darts (quivered)
 j - 5 datura-tipped darts
Armour
 h - a +0 pair of gloves (worn)
 r - a +0 plate armour (worn)
 v - a +0 kite shield (worn)
 w - a +0 cloak (worn)
 D - a +0 pair of boots (worn)
Jewellery
 l - an amulet of reflection (around neck)
 s - a +4 ring of slaying (left hand)
Wands
 f - a wand of charming (4)
 n - a wand of digging (6)
 p - a wand of flame (33)
 B - a wand of paralysis (10)
 C - a wand of iceblast (4)
Scrolls
 m - 3 scrolls of enchant weapon
 x - a scroll of vulnerability
 y - 3 scrolls of noise
 A - a scroll of fog
 E - a scroll of amnesia
Potions
 b - 5 potions of brilliance
 c - 3 potions of curing
 g - 3 potions of lignification
 i - 2 potions of haste {unknown}
 k - a potion of attraction {unknown}
 o - a potion of magic {unknown}
 q - a potion of might
 t - a potion of flight
 u - a potion of resistance {unknown}


   Skills:
 - Level 5.0 Fighting
 + Level 14.8 Axes
 - Level 2.4 Armour
 - Level 2.1 Dodging
 + Level 9.7 Shields
 + Level 2.2 Evocations


You had 9 spell levels left.
You didn't know any spells.
Your spell library was empty.

Dungeon Overview and Level Annotations

Branches:
Dungeon (8/15)             Temple (0/1) D:4
   Lair: D:8-11

Altars:

Shops:
D:4 !

Annotations:
D:8 Erica


Innate Abilities, Weirdness & Mutations

You have a pair of horns on your head.
You reflexively headbutt those who attack you in melee.


Message History

You are knocked back by the lance of force.
You slam into the rock wall!
Erica points at you and mumbles some strange words.
The bolt of poison hits you!
You are poisoned.
You feel very sick. Erica casts a spell at you.
The lance of force reflects off an invisible shield around you!
The lance of force hits Erica!
Erica is knocked back by the lance of force.
Erica slams into the rock wall!
You feel sick.
You feel sick. You block Erica's attack.
You closely miss Erica.
Erica is heavily wounded.
You feel sick.
Erica hits you with a +2 scimitar of flaming.
Erica burns you.
You closely miss Erica. You headbutt Erica.
Erica is heavily wounded.
You feel sick.
Erica casts a spell.
Erica flickers and vanishes!
Your shield and plate armour prevent you from hitting something.
Your headbutt misses something. Something hits you. Something burns you.
You slash something!
You feel the effects of Trog's Hand fading.
You feel sick.
You hear some strange, mumbled words.
A lance of force appears from out of thin air!
The lance of force hits you.
* * * LOW HITPOINT WARNING * * *
You are knocked back by the lance of force.
You feel sick.
You hear some strange, mumbled words.
A bolt of poison appears from out of thin air!
The bolt of poison hits you!!
You are more poisoned.
* * * LOW HITPOINT WARNING * * *
You die...

### ######.# #......#
#.####.# #.# #.# ### #.#
#.####.######
########.####.#.........#
#.......................#
##.######.......@.<.....#
#...# #..........######
###.# #.###......# #.#
#.#.#####..# #.##
#.#.......{#
#..#####.#####..#
#........####...#
#{######.#.###..# #.#
#......)##


There were no monsters in sight!

Vanquished Creatures
  2 two-headed ogres
  A manticore (D:7)
  Maurice (D:8)
  Maggie (D:8)
  2 steam dragons (D:6)
  An acid dragon (D:7)
  Duvessa (D:6)
  A water moccasin (D:7)
  2 orc warriors (D:7)
  An ice beast (D:7)
  3 necrophages
  2 black bears
  2 ogres (D:6)
  A centaur (D:8)
  A kobold brigand (D:7)
  2 gnoll sergeants
  3 scorpions
  Dowan (D:6)
  3 killer bees (D:7)
  3 wights (D:7)
  3 howler monkeys (D:8)
  5 orc priests
  A bullfrog skeleton (D:6)
  5 hounds
  Crazy Yiuf (D:6)
  A centaur skeleton (D:5)
  2 iguanas
  7 orc wizards
  A hound skeleton (D:4)
  Robin (D:3)
  11 gnolls
  7 adders
  A shadow imp (D:6)
  2 white imps
  An adder skeleton (D:4)
  3 worms
  A dart slug (D:4)
  39 orcs
  4 bats
  2 endoplasms
  3 giant cockroaches
  8 hobgoblins
  3 jackals (D:3)
  4 quokkas
  6 ball pythons
  4 frilled lizards
  22 goblins
  9 kobolds
  7 rats
198 creatures vanquished.

Vanquished Creatures (others)
  A fungus (D:6)
1 creature vanquished.

Grand Total: 199 creatures vanquished

Notes
Turn   | Place    | Note
-------+----------+-------------------------------------------
     0 | D:1      | Tinkle the Minotaur Berserker began the quest for the Orb.
     0 | D:1      | Reached XP level 1. HP: 19/19 MP: 0/0
    57 | D:1      | Found a faded altar of an unknown god.
   274 | D:1      | Reached skill level 4 in Axes
   274 | D:1      | Reached XP level 2. HP: 23/27 MP: 1/1
   957 | D:2      | Reached ** piety under Trog
   958 | D:2      | Reached XP level 3. HP: 32/34 MP: 2/2
  1313 | D:2      | Reached XP level 4. HP: 41/41 MP: 3/3
  1349 | D:2      | Reached skill level 5 in Axes
  1354 | D:2      | Reached skill level 5 in Fighting
  1580 | D:2      | HP: 1/42 [worm (6)]
  1982 | D:2      | Reached skill level 6 in Axes
  1982 | D:2      | Reached XP level 5. HP: 29/48 MP: 4/4
  2604 | D:3      | Reached skill level 7 in Axes
  3750 | D:2      | Reached XP level 6. HP: 6/56 MP: 5/5
  4553 | D:3      | Reached *** piety under Trog
  4553 | D:3      | Noticed Robin
  4646 | D:3      | Killed Robin
  4839 | D:4      | Found Boriynk's Distillery.
  5455 | D:4      | Reached skill level 8 in Axes
  6038 | D:4      | Found a staircase to the Ecumenical Temple.
  6282 | D:4      | Bought a potion of flight for 30 gold pieces
  6288 | D:5      | Entered Level 5 of the Dungeon
  6320 | D:5      | Reached skill level 9 in Axes
  6320 | D:5      | Reached XP level 7. HP: 61/61 MP: 6/6
  6618 | D:5      | Reached skill level 10 in Axes
  7259 | D:6      | Reached skill level 11 in Axes
  7259 | D:6      | Reached XP level 8. HP: 39/68 MP: 7/7
  7864 | D:6      | Reached skill level 12 in Axes
  8167 | D:6      | Found a runed translucent door.
  8168 | D:6      | Noticed Crazy Yiuf
  8201 | D:6      | Reached skill level 1 in Shields
  8314 | D:5      | Reached **** piety under Trog
  8449 | D:6      | Noticed Dowan
  8466 | D:6      | Noticed Duvessa
  8473 | D:6      | Killed Duvessa
  8475 | D:6      | Killed Dowan
  8508 | D:6      | Reached XP level 9. HP: 44/74 MP: 8/8
  8683 | D:6      | You fall into a shaft and drop 2 floors!
  8692 | D:8      | Noticed a two-headed ogre
  8702 | D:8      | Killed a two-headed ogre
  8703 | D:8      | Reached skill level 13 in Axes
  9425 | D:6      | Killed Crazy Yiuf
  9994 | D:7      | Reached skill level 14 in Axes
 10193 | D:7      | Noticed a two-headed ogre
 10199 | D:7      | Killed a two-headed ogre
 10200 | D:7      | Reached XP level 10. HP: 33/81 MP: 9/9
 10201 | D:7      | Noticed a manticore
 10571 | D:7      | HP: 2/81 [barbs]
 10571 | D:8      | Noticed Maurice
 10996 | D:7      | Killed a manticore
 10997 | D:7      | Reached skill level 1 in Evocations
 11522 | D:8      | Noticed Maggie
 11538 | D:8      | Killed Maggie
 11558 | D:8      | Killed Maurice
 12048 | D:8      | Noticed Erica
 12105 | D:8      | HP: 1/81 [something/bolt of poison (23)]
 12106 | D:8      | Succumbed to Erica's bolt of poison

Illustrated notes

Levels and vault maps discovered:
D:1:      dpeg_arrival_refuge, layout_rooms, hellmonk_ecumenical_altar_run_dry,
          minmay_3d_cube
D:2:      layout_basic, hangedman_abyss_or_decor_lesser_grid
D:3:      kennysheep_goblin_castle, layout_loops_ring
D:4:      layout_loops_cross, minmay_temple_entry_trees, serial_shops,
          nicolae_stop_n_shop_2, minmay_strange_pillars
D:5:      layout_basic
D:6:      layout_cave_pools, kennysheep_generic_room_13,
          uniq_crazy_yiuf_cottage, uniq_duvessa
D:7:      minmay_cornered_nines, layout_basic
D:8:      layout_basic, hangedman_decor_lopped, grunt_decor_fettered,
          amcnicky_mini_corridor_feature, fountainhead, uniq_maggie, uniq_erica,
          uniq_maurice

Skill      XL: |  1  2  3  4  5  6  7  8  9 10 |
---------------+-------------------------------+-----
Fighting       | 4 5 |  5.0
Axes           | 4 6 7 9 11 12 14 | 14.8
Shields        | 4 9 |  9.7
Evocations     | 2 |  2.2
Armour         | |  2.4
Dodging        | |  2.1

Action                   |  1- 3 |  4- 6 |  7- 9 | 10-12 || total
-------------------------+-------+-------+-------+-------++-------
Melee: Hand axe          |    57 |   182 |    20 |       ||   259
       Headbutt          |     8 |    36 |    42 |    13 ||    99
       War axe           |       |       |   184 |    34 ||   218
       Broad axe         |       |       |       |    45 ||    45
Throw: Dart              |       |     6 |    21 |     2 ||    29
Invok: Berserk           |       |     3 |     1 |     2 ||     6
       Trog's Hand       |       |     1 |     3 |     3 ||     7
  Use: Scroll            |       |    12 |     2 |     2 ||    16
       Potion            |       |       |       |     3 ||     3
Armor: Ring mail         |    18 |    11 |       |       ||    29
       Animal skin       |     2 |       |       |       ||     2
       Chain mail        |       |    54 |       |       ||    54
       Plate armour      |       |    22 |    82 |    26 ||   130
Dodge: Dodged            |    32 |    61 |    31 |     5 ||   129
Block: Other             |       |       |     9 |       ||     9
       Kite shield       |       |       |    94 |    51 ||   145
       Reflection        |       |       |     4 |     5 ||     9
